 Dungeon Crawl Stone Soup version 0.16.1-28-gcc2312f (webtiles) character file.

219 Ballsack the Conjurer (level 5, 0/28 HPs)
             Began as a Deep Elf Conjurer on May 27, 2015.
             Was an Initiate of Kikubaaqudgha.
             Slain by an ice beast (9 damage)
             ... on level 5 of the Dungeon.
             The game lasted 00:11:29 (2534 turns).

Ballsack the Conjurer (Deep Elf Conjurer)           Turns: 2534, Time: 00:11:29

Health: 0/28       AC:  7    Str:  5    XL:     5   Next: 64%
Magic:  17/20      EV: 14    Int: 21    God:    Kikubaaqudgha [......]
Gold:   156        SH:  0    Dex: 15    Spells: 3 memorised, 5 levels left

rFire  . . .     SeeInvis .     u - +1 dagger (protect)
rCold  . . .     Clarity  .     a - +0 robe
rNeg   . . .     SustAb   .     (no shield)
rPois  .         Gourm    .     (no helmet)
rElec  .         Spirit   .     (no cloak)
rCorr  .         Warding  .     (no gloves)
rMut   .         Stasis   .     (no boots)
MR     .....                    (no amulet)
Stlth  ++........               (no ring)
                                w - +1 ring of evasion

@: starving, not resistant to hostile enchantments, unstealthy
A: no striking features
a: Renounce Religion


You were on level 5 of the Dungeon.
You worshipped Kikubaaqudgha.
Kikubaaqudgha was noncommittal.
You were starving.

You visited 2 branches of the dungeon, and saw 6 of its levels.

You collected 156 gold pieces.

Inventory:

Hand weapons
 o - a +0 short sword
 u - a +1 dagger of protection (weapon)
Armour
 a - a +0 robe (worn)
Jewellery
 w - a +1 ring of evasion (left hand)
Magical devices
 s - a wand of slowing (34)
 H - a wand of cold (8)
Scrolls
 e - 2 scrolls of enchant weapon {unknown}
 f - a scroll of noise {unknown}
 h - a scroll of amnesia {unknown}
 j - a scroll of immolation {unknown}
 l - 2 scrolls of identify {unknown}
 q - 2 scrolls of teleportation {unknown}
 r - a scroll of fog {unknown}
 x - 4 scrolls of enchant armour {unknown}
 y - a scroll of recharging {unknown}
 B - a scroll of blinking {unknown}
 D - a scroll of remove curse {unknown}
 G - a scroll of random uselessness {unknown}
Potions
 d - 2 potions of agility {unknown}
 g - a potion of cure mutation {unknown}
 k - a potion of invisibility {unknown}
 m - a potion of curing {unknown}
 n - a potion of resistance {unknown}
 p - 2 potions of cancellation {unknown}
 z - 2 potions of flight {unknown}
 C - a potion of restore abilities {unknown}
 F - a potion of poison {unknown}
 I - 2 potions of mutation {unknown}
Books
 c - a book of Conjurations

   Spells                             Type                      Level
   a - Magic Dart                     Conjuration                  1
   b - Searing Ray                    Conjuration                  2
   c - Dazzling Spray                 Conjuration/Hexes            3
   d - Fulminant Prism                Conjuration/Hexes            4
   e - Iskenderun's Mystic Blast      Conjuration                  4
   f - Iskenderun's Battlesphere      Conjuration/Charms           5
Comestibles
 b - 3 bread rations
 i - 3 fruits
 t - 2 slices of pizza
 v - a meat ration
 A - 2 beef jerkies


   Skills:
 - Level 2.4 Dodging
 - Level 2.4 Stealth
 + Level 5.7 Spellcasting
 + Level 6.1 Conjurations
 * Level 2.0 Charms


You had 5 spell levels left.
You knew the following spells:

 Your Spells              Type           Power        Failure   Level  Hunger
a - Magic Dart            Conj           ####         1%          1    None
b - Iskenderun's Battles  Conj/Chrm      ###.....     54%         5    #####..
c - Iskenderun's Mystic   Conj           ####....     10%         4    ####...


Dungeon Overview and Level Annotations

Branches:
Dungeon (5/15)             Temple (1/1) D:4

Altars:
Ashenzari
Cheibriados
Dithmenos
Elyvilon
Fedhas
Gozag
Kikubaaqudgha
Makhleb
Nemelex Xobeh
Okawaru
Qazlal
Sif Muna
Xom
Yredelemnul
Zin
The Shining One

Annotations:
D:4 Eustachio


Message History

You hit the ice beast but do no damage.
The ice beast is moderately wounded.
The ice beast barely misses you.
You hit the ice beast but do no damage.
The ice beast is moderately wounded.
The ice beast barely misses you.
You hit the ice beast but do no damage.
The ice beast is moderately wounded.
The ice beast hits you but does no damage.
You hit the ice beast but do no damage.
The ice beast is moderately wounded.
The ice beast misses you.
You hit the ice beast but do no damage.
The ice beast is moderately wounded.
The ice beast hits you. The ice beast freezes you.
You closely miss the ice beast.
The ice beast is moderately wounded.
The ice beast hits you. The ice beast freezes you!
You die...
Kikubaaqudgha rasps: "You have failed me!
Welcome... death!"

######
##....##
#....@.#
#....Y.#
#........
#......#.#
........#.#
#.......# .
.####### #


You could see an ice beast.

Vanquished Creatures
  A crimson imp (D:2)
  2 orc wizards
  An orc priest (D:4)
  A worker ant (D:4)
  2 adders (D:3)
  2 giant geckos
  4 oozes
  6 orcs
  7 goblins
  5 hobgoblins
  3 quokkas (D:3)
  8 bats
  2 giant cockroaches (D:2)
  2 giant newts
  10 kobolds
  7 rats
63 creatures vanquished.

Notes
Turn   | Place    | Note
--------------------------------------------------------------
     0 | D:1      | Ballsack, the Deep Elf Conjurer, began the quest for the Orb.
     0 | D:1      | Reached XP level 1. HP: 10/10 MP: 5/5
   234 | D:1      | Reached XP level 2. HP: 4/15 MP: 0/8
   676 | D:2      | Reached skill level 5 in Conjurations
   823 | D:2      | Reached XP level 3. HP: 19/19 MP: 9/12
   946 | D:2      | Found a blossoming altar of Fedhas.
  1002 | D:2      | Found a burning altar of Makhleb.
  1306 | D:3      | Reached XP level 4. HP: 24/24 MP: 11/15
  1328 | D:3      | Reached skill level 5 in Spellcasting
  1554 | D:3      | Found a glowing golden altar of the Shining One.
  1657 | D:3      | Found a shattered altar of Ashenzari.
  1842 | D:3      | Reached XP level 5. HP: 28/28 MP: 17/19
  1912 | D:4      | Found a staircase to the Ecumenical Temple.
  1931 | D:4      | Reached skill level 6 in Conjurations
  1950 | D:4      | Learned a level 5 spell: Iskenderun's Battlesphere
  1955 | D:4      | Learned a level 4 spell: Iskenderun's Mystic Blast
  1976 | D:4      | Reached skill level 1 in Charms
  1993 | Temple   | Entered the Ecumenical Temple
  2174 | Temple   | Became a worshipper of Kikubaaqudgha
  2432 | D:4      | Noticed Eustachio
  2524 | D:5      | Entered Level 5 of the Dungeon
  2524 | D:5      | Noticed an ice beast
  2534 | D:5      | Slain by an ice beast

Action                   |  1- 3 |  4- 6 || total
-------------------------+-------+-------++-------
Melee: Unarmed           |     6 |       ||     6
       Dagger            |    25 |    20 ||    45
 Cast: Magic Dart        |    75 |    63 ||   138
       Iskenderun's Myst |       |     7 ||     7
 Stab: Sleeping          |       |     1 ||     1
  Eat: Chunk             |       |     4 ||     4
